 Dungeon Crawl Stone Soup version 0.19-a0-1127-gac58878 (console) character file.

401557 brucemayne the Executioner (level 21, -2/162 HPs)
             Began as a Vampire Berserker on Aug 12, 2016.
             Was a Follower of Makhleb.
             Slain by a spark wasp (5 damage)
             ... on level 3 of the Depths.
             The game lasted 03:27:49 (24719 turns).

brucemayne the Executioner (Vampire Berserker)     Turns: 24719, Time: 03:27:50

Health: -2/162     AC: 28    Str: 21    XL:     21   Next: 58%
Magic:  8/8        EV: 35    Int: 16    God:    Makhleb [*.....]
Gold:   448        SH:  0    Dex: 22    Spells: 5 memorised, 9 levels left

rFire  + . .     SeeInvis +     U - +12 exec axe {antimagic, *Contam Int+6 SInv}
rCold  + . .     Gourm    .     s - +2 plate armour {rF+}
rNeg   + . .     Faith    .     (shield currently unavailable)
rPois  .         Spirit   .     L - +0 helmet
rElec  +         Dismiss  .     d - +0 cloak
rCorr  .         Reflect  .     K - +1 pair of gloves {archery}
SustAt .         Harm     .     v - +1 pair of boots {run}
MR     ++...                    F - amulet of the Air {Inacc +Fly rElec EV+5 RMsl}
Stlth  ..........               C - ring "Dasib" {rC+ EV+1}
                                p - +6 ring of evasion

@: agile, about to teleport, very slightly contaminated, hasted, repel missiles,
very quick
A: fangs 3, rough black scales 1, see invisible, unbreathing
a: Bat Form, Renounce Religion, Evoke Flight
}: 4/15 runes: decaying, slimy, silver, gossamer


You were on level 3 of the Depths.
You worshipped Makhleb.
Makhleb was aware of your devotion.
You were not thirsty.

You visited 10 branches of the dungeon, and saw 46 of its levels.
You also visited: Trove and Ice Cave.

You collected 4400 gold pieces.
You spent 3952 gold pieces at shops.

Inventory:

Hand Weapons
 m - the +4 battleaxe of Misery {freeze, rC+ rN+}
   (Trog gifted it to you on level 6 of the Lair of Beasts)

   It has been specially enchanted to freeze those struck by it, causing extra
   injury to most foes and up to half again as much damage against particularly
   susceptible opponents.
   It can also slow down cold-blooded creatures.
   It protects you from cold.
   It protects you from negative energy.
 I - the +3 battleaxe "Umocu" {speed, rF+ rC+ Int+2}
   (You found it on level 5 of the Pits of Slime)

   Attacks with this weapon are significantly faster.
   It affects your intelligence (+2).
   It protects you from fire.
   It protects you from cold.
 J - a +9 executioner's axe of flaming
 M - a +2 long sword of distortion
 U - the +12 executioner's axe "Qumor" (weapon) {antimagic, *Contam Int+6 SInv}
   (Trog gifted it to you on level 2 of the Orcish Mines)

   It reduces the magical energy of the wielder, and disrupts the spells and
   magical abilities of those hit.
   Natural abilities and divine invocations are not affected.
   It affects your intelligence (+6).
   It lets you see invisible.
   It causes magical contamination when unequipped.
Armour
 d - a +0 cloak (worn)
 h - the +1 pair of boots "Forget-Me-Not" {MR+ Int+3}
   (You found it on level 4 of the Dungeon)

   It affects your intelligence (+3).
   It affects your resistance to hostile enchantments.
 s - a +2 plate armour of fire resistance (worn)
 v - a +1 pair of boots of running (worn)
 K - a +1 pair of gloves of archery (worn)
 L - a +0 helmet (worn)
 N - the +7 ring mail of Pleasant Breezes {rC+ rN+ Int-5 Dex+7}
   (You found it on level 7 of the Dungeon)

   It affects your intelligence (-5).
   It affects your dexterity (+7).
   It protects you from cold.
   It protects you from negative energy.
 O - a +0 gold dragon armour
 W - a +2 shield of positive energy
 Y - a +5 shadow dragon armour
Jewellery
 b - a +3 ring of evasion
 e - the ring "Uhicoqau" {Int+5 Dex+3 Slay+2 Stlth+}
   (You bought it in a shop on level 2 of the Orcish Mines)

   [ring of intelligence]

   It affects your intelligence (+5).
   It affects your dexterity (+3).
   It affects your accuracy and damage with ranged weapons and melee attacks
   (+2).
   It makes you more stealthy.
 j - an uncursed ring of protection from magic
 p - a +6 ring of evasion (left hand)
 w - an uncursed amulet of harm
 C - the ring "Dasib" (right hand) {rC+ EV+1}
   (You bought it in a shop on level 2 of the Orcish Mines)

   [ring of evasion]

   It affects your evasion (+1).
   It protects you from cold.
 F - the amulet of the Air (around neck) {Inacc +Fly rElec EV+5 RMsl}
   (You found it on level 9 of the Dungeon)

   [amulet of inaccuracy]

   It reduces the accuracy of all your attacks.
   It affects your evasion (+5).
   It insulates you from electricity.
   It lets you fly.
   It protects you from missiles.
 V - an uncursed ring of resist corrosion
Wands
 f - a wand of heal wounds (0/9)
 i - a wand of heal wounds (0/9)
 n - a wand of disintegration (3/24)
 t - a wand of acid (0/15)
 B - a wand of disintegration (15/24)
 R - a wand of disintegration (9/24)
 T - a wand of hasting (1/9)
 X - a wand of paralysis (7/24)
 Z - a wand of teleportation (1/9)
Scrolls
 g - 3 scrolls of enchant weapon
 k - 2 scrolls of fog
 o - 7 scrolls of remove curse
 u - 2 scrolls of fear
 y - a scroll of silence
 D - a scroll of summoning
 H - 3 scrolls of magic mapping
 S - a scroll of brand weapon
Potions
 x - a potion of cure mutation
 z - 17 potions of blood
 A - 2 potions of curing
 E - a potion of resistance
 P - 7 potions of ambrosia
Books
 a - a book of Summonings

   Spells                             Type                      Level
   a - Recall                         Summoning/Translocation      3
   b - Aura of Abjuration             Summoning                    5
   c - Summon Demon                   Summoning                    5
   d - Summon Forest                  Summoning/Translocation      5
   e - Summon Mana Viper              Hexes/Summoning              5
   f - Shadow Creatures               Summoning                    6
 G - a book of Minor Magic

   Spells                             Type                      Level
   a - Magic Dart                     Conjuration                  1
   b - Blink                          Translocation                2
   c - Call Imp                       Summoning                    2
   d - Repel Missiles                 Charms/Air                   2
   e - Slow                           Hexes                        2
   f - Conjure Flame                  Conjuration/Fire             3
   g - Mephitic Cloud                 Conjuration/Poison/Air       3
Miscellaneous
 c - a phial of floods


   Skills:
 - Level 13.1 Fighting
 + Level 24.3 Axes
 - Level 14.0 Armour
 - Level 16.1 Dodging
 - Level 3.5 Stealth
 - Level 7.5 Evocations


You had 9 spell levels left.
You knew the following spells:

 Your Spells              Type           Power        Failure   Level  Hunger
a - Blink                 Tloc           N/A          100%        2    ###....
b - Repel Missiles        Chrm/Air       #.....       100%        2    ###....
c - Shroud of Golubria    Chrm/Tloc      #.........   100%        2    ###....
d - Song of Slaying       Chrm           #.......     100%        2    ###....
e - Regeneration          Chrm/Necr      #.........   100%        3    ####...


Dungeon Overview and Level Annotations

Branches:
Dungeon (15/15)            Temple (1/1) D:4            Lair (6/6) D:11
  Swamp (4/4) Lair:4       Spider (4/4) Lair:2        Slime (5/5) Lair:6
    Orc (2/2) D:12            Elf (1/3) Orc:2        Vaults (5/5) D:13
  Crypt (0/3) Vaults:3     Depths (3/5) D:15

Altars:
Ashenzari
Cheibriados
Elyvilon
Hepliaklqana
Kikubaaqudgha
Makhleb
Nemelex Xobeh
Ru
Sif Muna
Trog
Xom
Yredelemnul
The Shining One
Beogh
Jiyva

Shops:
D:14 *}}*   Orc:2 (%==   Vaults:1 =   Vaults:3 :

Portals:
Hell: Depths:1

Annotations:
Swamp:4 Gorice's ghost, adept DsMo
Spider:1 JustSomeDude's ghost, adept DsFi
Orc:2 exclusion: upstairs
Depths:2 1 runed door


Innate Abilities, Weirdness & Mutations

You have razor-sharp teeth.
You have supernaturally acute eyesight. (SInv)
You can survive without breathing.
You are partially covered in rough black scales. (AC +2, Dex -1)


Message History

You destroy the flayed ghost!
Makhleb accepts your kill.
The red ugly thing engulfs you but does no damage.
The spark wasp stings you.
* * * LOW HITPOINT WARNING * * *
The spark wasp shocks you. You resist.
* * * LOW HITPOINT WARNING * * *
You miss the spark wasp.
The spark wasp is heavily wounded.
You slice the red ugly thing!!
A spark wasp comes into view.
Unknown command.
You miss the spark wasp.
The spark wasp is heavily wounded.
You closely miss the deep troll. You miss the red ugly thing.
The spark wasp buzzes angrily.
The spark wasp stings you!
* * * LOW HITPOINT WARNING * * *
The spark wasp shocks you. You resist.
You die...

.u..
....#
u....#
..y..#
y.....#
#u....
##.#u.
#u#y#
#....#@#
#.....T##
........
........
........
........
#.#..###
...


You could see 2 ugly things, 2 spark wasps and a deep troll.

Vanquished Creatures
  the Royal Jelly (Slime:5)
  3 ancient liches (Vaults:5)
  the Lernaean hydra (Swamp:4)
  2 golden dragons (Vaults:5)
  Arachne (Spider:4)
  2 large abominations (Vaults:5)
  2 tentacled monstrosities (Vaults:5)
  3 titans (Vaults:5)
  5 sphinxes
  25 acid blobs
  Agnes (D:14)
  3 shadow dragons
  10 tengu reavers
  7 azure jellies
  2 fire giants
  5 frost giants
  A ghost moth (Spider:4)
  3 orc warlords
  2 deep elf sorcerers (Vaults:5)
  19 vault wardens
  4 emperor scorpions (Spider:4)
  3 ghouls
  A deep elf elementalist (Vaults:5)
  2 war gargoyles (Vaults:5)
  5 very ugly things
  7 ironheart preservers
  5 stone giants
  2 vampire knights
  An entropy weaver (Vaults:3)
  2 deep elf annihilators
  The ghost of WhatIsLove the Transmogrifier, a journeyman DrTm of Cheibriados (IceCv)
  2 deep elf demonologists
  4 spark wasps
  A dire elephant (shapeshifter) (Vaults:5)
  11 ettins
  5 death oozes
  2 fire dragons
  3 deep elf death magi (Vaults:5)
  4 great orbs of eyes
  Josephine (Lair:5)
  5 yaktaur captains
  3 deep elf high priests (Vaults:5)
  5 ice dragons
  17 hydras
  A rakshasa (Vaults:3)
  30 vault guards
  A ghost crab (Swamp:3)
  6 centaur warriors
  A catoblepas (D:14)
  3 alligators
  6 death knights
  5 small abominations (Vaults:5)
  7 death yaks
  5 ogre magi
  A deep troll earth mage (Vaults:4)
  4 tengu warriors
  3 deep troll shamans
  4 orc high priests (Orc:2)
  7 deep elf knights
  2 shadow wraiths
  2 skeletal warriors (Vaults:3)
  2 death drakes (shapeshifter)
  A spriggan druid (Swamp:4)
  6 deep trolls
  2 giant orange brains
  4 wizards
  6 swamp dragons (Swamp:4)
  9 hill giants
  10 ironbrand convokers
  2 flayed ghosts
  6 phantasmal warriors
  Pikel (D:7)
  7 orc knights
  A wolf spider (shapeshifter) (Vaults:3)
  2 necromancers (Vaults:3)
  10 shining eyes
  10 orb spiders
  29 ugly things
  A stone giant zombie (Vaults:3)
  13 wolf spiders
  15 deep elf magi
  A frost giant skeleton (Depths:2)
  5 cyclopes
  2 orc sorcerers (Orc:2)
  8 hornets
  3 moths of wrath
  3 manticores
  A tengu skeleton (Vaults:3)
  5 black mambas
  A fire giant skeleton (Depths:2)
  5 elephants (Lair:3)
  A centaur zombie (D:15)
  13 vault sentinels
  2 torpor snails
  32 spiny frogs
  4 eyes of devastation
  A kobold demonologist (D:14)
  6 yaktaurs
  An efreet (D:12)
  7 rime drakes
  8 freezing wraiths
  6 demonic crawlers
  6 komodo dragons
  6 jumping spiders
  6 giant leeches
  13 polar bears (IceCv)
  A troll (shapeshifter) (Vaults:3)
  8 trolls
  70 slime creatures
  12 two-headed ogres
  2 tengu simulacra (Vaults:3)
  13 bog bodies
  A merfolk (shapeshifter) (D:15)
  10 blink frogs
  5 boulder beetles
  2 shadows
  17 redbacks
  A tarantella (shapeshifter) (Vaults:3)
  A spriggan (shapeshifter) (D:15)
  16 tarantellas
  10 wraiths
  5 basilisks
  47 yaks
  5 wyverns
  12 hippogriffs
  14 golden eyes
  A steam dragon (D:10)
  15 vampire mosquitoes
  2 hungry ghosts (D:7)
  5 swamp worms
  6 insubstantial wisps
  16 water moccasins
  6 wargs
  8 porcupines
  2 giant eyeballs
  2 sky beasts
  25 ogres
  39 orc warriors
  A black bear (shapeshifter) (D:13)
  9 eyes of draining
  12 swamp drakes
  A human zombie (Vaults:3)
  6 wasps
  3 ice beasts
  A phantom (D:11)
  3 black bears
  19 wolves
  17 centaurs
  7 crocodiles
  4 big kobolds
  16 giant frogs
  A water moccasin zombie (D:11)
  A water moccasin skeleton (D:8)
  5 killer bees
  5 electric eels (Lair:6)
  16 wights
  3 howler monkeys (D:11)
  5 crimson imps
  A quasit (D:7)
  4 hounds
  4 jellies
  A giant frog skeleton (D:4)
  28 orc priests
  5 iguanas
  22 orc wizards
  5 centaur skeletons
  10 worker ants
  5 sheep (Lair:5)
  A hound skeleton (D:9)
  2 worker ant zombies
  10 adders
  50 river rats
  2 shadow imps (D:7)
  3 oozes (Lair:6)
  2 worms
  3 giant geckos
  132 orcs
  4 giant cockroaches
  2 goblins
  A hobgoblin (D:3)
  8 jackals (D:1)
  A quokka (D:7)
  5 bats
  A jackal skeleton (D:4)
  A jackal zombie (D:7)
  16 kobolds
  A quokka skeleton (D:6)
  A quokka zombie (D:5)
  2 rats
  A crawling corpse (Vaults:5)
  6 fungi
  9 plants
1428 creatures vanquished.

Vanquished Creatures (collateral kills)
  2 acid blobs (Slime:5)
  A great orb of eyes (Slime:5)
  2 hydras
  2 rime drakes (Lair:5)
  A komodo dragon (Lair:6)
  4 wyverns (Lair:5)
  3 basilisks (Lair:5)
  3 hippogriffs (Lair:5)
  A vampire mosquito (Lair:6)
  A giant frog (Lair:6)
20 creatures vanquished.

Vanquished Creatures (others)
  A deep elf high priest (Vaults:5)
  A hydra (Swamp:4)
  A large abomination (Vaults:5)
  A jumping spider (Spider:3)
  An orc warrior (Vaults:5)
  A wasp (Swamp:4)
  A hound zombie (D:8)
  A river rat (Lair:3)
  An orc (D:10)
  15 fungi
  26 plants
50 creatures vanquished.

Grand Total: 1498 creatures vanquished

Notes
Turn   | Place    | Note
-------+----------+-------------------------------------------
     0 | D:1      | brucemayne the Vampire Berserker began the quest for the Orb.
     0 | D:1      | Reached XP level 1. HP: 17/17 MP: 1/1
    13 | D:1      | Reached skill level 3 in Axes
    14 | D:1      | Reached XP level 2. HP: 22/23 MP: 2/2
   350 | D:4      | Reached skill level 4 in Axes
   350 | D:4      | Reached XP level 3. HP: 26/28 MP: 3/3
   439 | D:4      | Reached XP level 4. HP: 34/34 MP: 4/4
   466 | D:4      | Found a shattered altar of Ashenzari.
   513 | D:4      | Reached ** piety under Trog
   513 | D:4      | Reached skill level 5 in Axes
   540 | D:4      | Found a staircase to the Ecumenical Temple.
   549 | D:4      | Got a pair of shimmering boots
   602 | D:4      | Identified the +1 pair of boots "Forget-Me-Not" {MR+ Int+3} (You found it on level 4 of the Dungeon)
   602 | D:4      | FORGET ME NOTS
   602 | D:4      | WANTCHU 2 REMEMBEEEEEEER
   602 | D:4      | DAT BASS LINE THO
   638 | D:5      | Entered Level 5 of the Dungeon
   684 | D:5      | Reached XP level 5. HP: 15/39 MP: 5/5
   819 | D:4      | Found a snail-covered altar of Cheibriados.
   819 | D:4      | Found a sacrificial altar of Ru.
   900 | D:5      | Reached skill level 6 in Axes
   907 | D:5      | Reached XP level 6. HP: 27/46 MP: 6/6
   914 | D:5      | Noticed a sky beast
   977 | D:5      | Killed a sky beast
  1199 | D:5      | Reached skill level 7 in Axes
  1229 | D:5      | Found a shattered altar of Ashenzari.
  1241 | D:5      | Found a deep blue altar of Sif Muna.
  1241 | D:5      | Found a shimmering altar of Xom.
  1241 | D:5      | Found a white marble altar of Elyvilon.
  1243 | D:5      | Found a sparkling altar of Nemelex Xobeh.
  1244 | D:5      | Found a bloodstained altar of Trog.
  1245 | D:5      | Found an ancient bone altar of Kikubaaqudgha.
  1274 | D:6      | Reached XP level 7. HP: 35/51 MP: 7/7
  1428 | D:6      | Reached skill level 8 in Axes
  1549 | D:6      | Reached XP level 8. HP: 39/60 MP: 8/8
  1614 | D:7      | Got a distressingly furry ring mail
  1625 | D:7      | Identified the +7 ring mail of Pleasant Breezes {rC+ rN+ Int-5 Dex+7} (You found it on level 7 of the Dungeon)
  1848 | D:9      | Reached skill level 5 in Fighting
  2040 | D:7      | Reached skill level 5 in Armour
  2052 | D:7      | Reached XP level 9. HP: 68/69 MP: 9/9
  2252 | D:8      | Reached *** piety under Trog
  2267 | D:8      | Noticed Pikel
  2347 | D:7      | Killed Pikel
  2470 | D:8      | Noticed a cyclops
  2481 | D:8      | Killed a cyclops
  2481 | D:8      | Reached skill level 9 in Axes
  2481 | D:8      | Reached skill level 5 in Dodging
  2726 | D:9      | Reached XP level 10. HP: 77/77 MP: 10/10
  2867 | D:10     | Entered Level 10 of the Dungeon
  2910 | D:9      | Reached skill level 10 in Axes
  3093 | D:10     | Reached **** piety under Trog
  3134 | D:10     | Noticed a hill giant
  3148 | D:10     | Killed a hill giant
  3148 | D:10     | Reached skill level 11 in Axes
  3352 | D:12     | Reached skill level 12 in Axes
  3465 | D:11     | Found a staircase to the Lair.
  3523 | D:11     | Noticed a cyclops
  3535 | D:11     | Reached XP level 11. HP: 68/83 MP: 11/11
  3659 | D:12     | Got a slimy falchion
  3673 | D:12     | Found a staircase to the Orcish Mines.
  3761 | D:12     | Noticed a hill giant
  3777 | D:12     | Killed a hill giant
  3832 | Orc:1    | Entered Level 1 of the Orcish Mines
  3912 | Orc:1    | Reached skill level 13 in Axes
  3928 | Orc:1    | Received a gift from Trog
  4152 | Orc:2    | Entered Level 2 of the Orcish Mines
  4272 | Orc:2    | Received a gift from Trog
  4282 | Orc:1    | Noticed a stone giant
  4414 | Orc:2    | Noticed an ettin
  4431 | Orc:2    | Killed an ettin
  4490 | Orc:2    | Reached ***** piety under Trog
  4589 | Orc:2    | Noticed an orc knight
  4620 | Orc:2    | Killed an orc knight
  4622 | Orc:2    | Found Danan's Weapon Boutique.
  4633 | Orc:2    | Found Guys's Food Shop.
  4633 | Orc:2    | Noticed an orc knight
  4665 | Orc:2    | Killed an orc knight
  4703 | Orc:2    | Found a roughly hewn altar of Beogh.
  4748 | Orc:2    | Noticed an orc knight
  4748 | Orc:2    | Noticed an orc warlord
  4748 | Orc:2    | Noticed an orc sorcerer
  4785 | Orc:2    | Killed an orc sorcerer
  4789 | Orc:2    | Killed an orc knight
  4789 | Orc:2    | Reached XP level 12. HP: 89/92 MP: 12/12
  4795 | Orc:2    | Killed an orc warlord
  4795 | Orc:2    | Reached skill level 14 in Axes
  4898 | Orc:2    | Noticed an ettin
  4916 | Orc:2    | Killed an ettin
  5345 | Orc:2    | Noticed an orc warlord
  5393 | Orc:2    | Killed an orc warlord
  5393 | Orc:2    | Reached skill level 15 in Axes
  5437 | Orc:2    | Found a roughly hewn altar of Beogh.
  5498 | Orc:2    | Noticed an orc high priest
  5531 | Orc:2    | Killed an orc high priest
  5677 | Orc:2    | Found Bapomupt's Jewellery Boutique.
  5677 | Orc:2    | Noticed an orc high priest
  5718 | Orc:2    | Killed an orc high priest
  5784 | Orc:2    | Received a gift from Trog
  5785 | Orc:2    | Got a warped executioner's axe {god gift}
  5786 | Orc:2    | Identified the +12 executioner's axe "Qumor" {antimagic, *Contam Int+6 SInv} (Trog gifted it to you on level 2 of the Orcish Mines)
  5787 | Orc:2    | oooooo boyz
  5848 | Orc:2    | Noticed an orc high priest
  5869 | Orc:2    | Killed an orc high priest
  5900 | Orc:2    | Found Buriem's Jewellery Shop.
  5924 | Orc:2    | Noticed an orc high priest
  5975 | Orc:2    | Killed an orc high priest
  5981 | Orc:2    | Bought an uncursed ring of resist corrosion for 320 gold pieces
  6013 | Orc:2    | Bought an uncursed ring of poison resistance for 240 gold pieces
  6165 | Orc:1    | Killed a stone giant
  6165 | Orc:1    | Reached skill level 16 in Axes
  6354 | Orc:2    | Found a staircase to the Elven Halls.
  6368 | Elf:1    | Entered Level 1 of the Elven Halls
  6603 | Lair:1   | Entered Level 1 of the Lair of Beasts
  6690 | Lair:1   | Reached XP level 13. HP: 80/98 MP: 4/13
  6782 | Lair:2   | Found a hole to the Spider Nest.
  6848 | Spider:1 | Entered Level 1 of the Spider Nest
  6877 | Spider:1 | Noticed JustSomeDude's ghost (adept DsFi)
  6968 | Lair:3   | Received a gift from Trog
  7059 | Lair:3   | Found a frozen archway.
  7094 | Lair:3   | Got an emerald-encrusted ring mail
  7158 | Lair:3   | Identified the +1 ring mail of Aboefas {Str+2} (You found it on level 3 of the Lair of Beasts)
  7173 | IceCv    | Entered an ice cave
  7290 | IceCv    | Noticed WhatIsLove's ghost (journeyman DrTm)
  7310 | IceCv    | Killed WhatIsLove's ghost
  7320 | IceCv    | Noticed a frost giant
  7366 | IceCv    | Killed a frost giant
  7405 | IceCv    | Reached skill level 17 in Axes
  7685 | Lair:3   | You fall through a shaft!
  7716 | Lair:4   | Found a staircase to the Swamp.
  7919 | Lair:4   | Received a gift from Trog
  7919 | Lair:4   | Reached skill level 10 in Dodging
  7929 | Lair:4   | Got a crystal battleaxe {god gift}
  8043 | Lair:5   | Noticed Josephine
  8056 | Lair:5   | Killed Josephine
  8075 | Lair:5   | Reached XP level 14. HP: 32/104 MP: 4/14
  8110 | Lair:6   | Entered Level 6 of the Lair of Beasts
  8500 | Lair:6   | Received a gift from Trog
  8500 | Lair:6   | Reached skill level 18 in Axes
  8546 | Lair:6   | Got a twisted battleaxe {god gift}
  8726 | Lair:5   | Found a bloodstained altar of Trog.
  8914 | Lair:5   | Identified the +3 battleaxe of Chagrin {chop, MR+ Str+3} (Trog gifted it to you on level 4 of the Lair of Beasts)
  9262 | Lair:4   | Identified the +4 battleaxe of Misery {freeze, rC+ rN+} (Trog gifted it to you on level 6 of the Lair of Beasts)
  9288 | Lair:4   | Gained mutation: Your magical capacity is low. (-10% MP) [mutagenic glow]
  9344 | Swamp:1  | Entered Level 1 of the Swamp
  9440 | Swamp:1  | Received a gift from Trog
  9649 | Swamp:2  | Reached XP level 15. HP: 81/110 MP: 13/13
  9755 | Swamp:4  | Entered Level 4 of the Swamp
  9900 | Swamp:4  | Noticed Gorice's ghost (adept DsMo)
 10201 | Swamp:4  | Reached skill level 19 in Axes
 10369 | Swamp:4  | Received a gift from Trog
 10497 | Swamp:4  | Identified the Guide on Ashen Summoning
 10531 | Swamp:4  | Reached skill level 10 in Fighting
 10546 | Swamp:4  | Noticed the 27-headed Lernaean hydra
 10573 | Swamp:4  | Killed the 26-headed Lernaean hydra
 10613 | Swamp:4  | Got a decaying rune of Zot
 11224 | Spider:3 | HP: 5/115 [disintegration (46)]
 11483 | Spider:4 | Entered Level 4 of the Spider Nest
 11605 | Spider:4 | Reached XP level 16. HP: 95/122 MP: 14/14
 11611 | Spider:4 | Reached skill level 20 in Axes
 11980 | Spider:4 | Noticed Arachne
 12238 | Spider:4 | Killed Arachne
 12375 | Spider:4 | Got a gossamer rune of Zot
 12828 | D:13     | Got a warped war axe
 12906 | D:13     | Found a portal to a secret trove of treasure.
 13051 | D:14     | Reached skill level 21 in Axes
 13115 | D:14     | Found Xiss's Assorted Antiques.
 13121 | D:14     | Bought a short fluorescent wand for 88 gold pieces
 13126 | D:14     | Found Urgholl's Gadget Boutique.
 13173 | D:14     | Found Tazxica's Gadget Shoppe.
 13186 | D:14     | Found Jomeetug's General Store.
 13195 | D:14     | Bought 2 potions of curing for 108 gold pieces
 13195 | D:14     | Bought a scroll of fear for 63 gold pieces
 13235 | D:14     | Identified the +6 war axe of Blind Justice {antimagic, *Drain rF- MR+++ SInv} (You found it on level 13 of the Dungeon)
 13261 | D:14     | Noticed Agnes
 13270 | D:14     | Killed Agnes
 13455 | D:13     | You paid a toll of 5 potions of resistance to enter a treasure trove
 13456 | Trove    | Entered a treasure trove
 13652 | D:13     | Found a gate to the Vaults.
 13683 | Vaults:1 | Entered Level 1 of the Vaults
 13697 | Vaults:1 | Noticed a Hell Sentinel
 14114 | Vaults:3 | Found a staircase to the Crypt.
 14114 | Vaults:3 | Found an ancient bone altar of Kikubaaqudgha.
 14115 | Vaults:3 | Found a basalt altar of Yredelemnul.
 14244 | Vaults:3 | Reached XP level 17. HP: 79/128 MP: 5/15
 14389 | Vaults:2 | HP: 1/128 [ghoul[a death knight] (19)]
 14457 | Vaults:1 | Found Vuryut's Jewellery Emporium.
 14466 | Vaults:1 | Bought an uncursed ring of fire for 425 gold pieces
 15223 | Vaults:3 | Found Ysihut's Book Shop.
 15471 | Vaults:3 | HP: 9/192 [wolf spider simulacrum[a necromancer] (8)]
 15859 | Vaults:4 | Reached skill level 10 in Armour
 16584 | Vaults:5 | Entered Level 5 of the Vaults
 16618 | Vaults:5 | Reached XP level 18. HP: 123/135 MP: 5/16
 16630 | Vaults:5 | Noticed an ancient lich
 16641 | Vaults:5 | Reached skill level 22 in Axes
 16648 | Vaults:5 | Killed an ancient lich
 16742 | Vaults:5 | Reached skill level 23 in Axes
 16743 | Vaults:5 | HP: 6/138 [titan/the air (7)]
 16747 | Vaults:5 | Gained mutation: You are partially covered in rough black scales. (AC +2, Dex -1) [mutagenic glow]
 16901 | Vaults:5 | Noticed an ancient lich
 16914 | Vaults:5 | Killed an ancient lich
 16971 | Vaults:5 | Reached XP level 19. HP: 119/143 MP: 5/17
 17014 | Vaults:5 | Got a silver rune of Zot
 17031 | Vaults:5 | Noticed a golden dragon
 17035 | Vaults:5 | a golden dragon changed into a stone giant
 17136 | Vaults:5 | Got an uncursed ebony morningstar {speed}
 17226 | Vaults:5 | Got a spiked ring mail
 17294 | Vaults:5 | Noticed an ancient lich
 17327 | Vaults:5 | Killed an ancient lich
 17337 | Vaults:5 | Reached skill level 24 in Axes
 17567 | Vaults:5 | Reached skill level 15 in Dodging
 17765 | Vaults:5 | Received a gift from Trog
 17949 | Vaults:5 | Noticed a golden dragon
 17964 | Vaults:5 | Killed a golden dragon
 18102 | Vaults:5 | Noticed a hellephant
 18103 | Vaults:5 | Noticed a juggernaut
 18103 | Vaults:5 | a hellephant changed into a juggernaut
 18324 | Vaults:4 | Reached XP level 20. HP: 123/154 MP: 6/18
 18355 | Vaults:5 | Noticed a shard shrike
 18355 | Vaults:5 | a juggernaut changed into a shard shrike
 18432 | Vaults:5 | Noticed an iron giant
 18432 | Vaults:5 | a shard shrike changed into an iron giant
 18443 | Vaults:5 | an iron giant changed into a hellephant
 18450 | Vaults:5 | Noticed a shard shrike
 18450 | Vaults:5 | a hellephant changed into a shard shrike
 18653 | Vaults:5 | Noticed a golden dragon
 18679 | Vaults:4 | Noticed a juggernaut
 18684 | Vaults:4 | a juggernaut changed into a titan
 19177 | Vaults:5 | Killed a golden dragon
 19597 | D:13     | Gained mutation: Your magical capacity is very low. (-20% MP) [potion of mutation]
 19597 | D:13     | Gained mutation: You are agile. (Dex +2) [potion of mutation]
 19597 | D:13     | Gained mutation: You occasionally shout uncontrollably at your foes. [potion of mutation]
 19705 | D:15     | Entered Level 15 of the Dungeon
 20118 | D:15     | Found a glowing golden altar of the Shining One.
 20237 | D:15     | Found a staircase to the Depths.
 20245 | Depths:1 | Entered Level 1 of the Depths
 20245 | Depths:1 | Found a gateway to Hell.
 20933 | Lair:6   | Found a runed door.
 20934 | Lair:6   | Found a viscous altar of Jiyva.
 21014 | Lair:6   | Found a staircase to the Slime Pits.
 21045 | Slime:1  | Entered Level 1 of the Pits of Slime
 21140 | Slime:1  | Gained mutation: You are weak. (Str -2) [a shining eye]
 21574 | Slime:5  | Entered Level 5 of the Pits of Slime
 21893 | Slime:4  | Reached skill level 1 in Evocations
 21959 | Slime:5  | Paralysed by a giant eyeball for 3 turns
 21964 | Slime:5  | Paralysed by a giant eyeball for 3 turns
 22035 | Slime:5  | Gained mutation: You have a pair of small horns on your head. [a shining eye]
 22037 | Slime:5  | Reached XP level 21. HP: 156/162 MP: 5/17
 22042 | Slime:5  | Noticed the Royal Jelly
 22448 | Slime:5  | Reached skill level 5 in Evocations
 22542 | Slime:5  | Found a viscous altar of Jiyva.
 22764 | Slime:5  | Killed the Royal Jelly
 22765 | Slime:5  | thedream
 22796 | Slime:5  | Got a slimy rune of Zot
 22901 | Slime:5  | Identified the Compendium of Beguiling
 22951 | Slime:5  | Got a smoking battleaxe
 23039 | Lair:6   | Identified a scroll of acquirement
 23053 | Lair:6   | Identified a +1 pair of boots of running (You found it on level 5 of the Pits of Slime)
 23053 | Lair:6   | Lost mutation: You have a pair of small horns on your head. [potion of cure mutation]
 23053 | Lair:6   | Lost mutation: You are weak. (Str -2) [potion of cure mutation]
 23053 | Lair:6   | Lost mutation: You are agile. (Dex +2) [potion of cure mutation]
 23053 | Lair:6   | Lost mutation: Your magical capacity is very low. (-20% MP) [potion of cure mutation]
 23053 | Lair:6   | Lost mutation: You occasionally shout uncontrollably at your foes. [potion of cure mutation]
 23053 | Lair:6   | Lost mutation: Your magical capacity is low. (-10% MP) [potion of cure mutation]
 23540 | Temple   | Entered the Ecumenical Temple
 23560 | Temple   | Fell from the grace of Trog
 23560 | Temple   | Became a worshipper of Makhleb the Destroyer
 23949 | Orc:2    | Bought an uncursed ring of protection from magic for 400 gold pieces
 23949 | Orc:2    | Bought the ring "Dasib" {rC+ EV+1} for 272 gold pieces
 23949 | Orc:2    | Bought a +6 ring of evasion for 1248 gold pieces
 23949 | Orc:2    | Identified the +3 battleaxe "Umocu" {speed, rF+ rC+ Int+2} (You found it on level 5 of the Pits of Slime)
 23955 | Orc:2    | Learned a level 2 spell: Blink
 23958 | Orc:2    | Learned a level 2 spell: Repel Missiles
 23961 | Orc:2    | Learned a level 2 spell: Shroud of Golubria
 23964 | Orc:2    | Learned a level 2 spell: Song of Slaying
 23968 | Orc:2    | Learned a level 3 spell: Regeneration
 24004 | Orc:2    | Bought the ring "Uhicoqau" {Int+5 Dex+3 Slay+2 Stlth+} for 788 gold pieces
 24379 | Depths:1 | Reached * piety under Makhleb
 24429 | Depths:2 | Found a runed door.
 24439 | Depths:2 | Noticed a juggernaut
 24594 | Depths:2 | Noticed a caustic shrike
 24595 | Depths:2 | Noticed a caustic shrike
 24595 | Depths:2 | Noticed a caustic shrike
 24595 | Depths:2 | Noticed a caustic shrike
 24693 | Depths:3 | Noticed a golden dragon
 24719 | Depths:3 | HP: 3/162 [spark wasp (8)]
 24719 | Depths:3 | Slain by a spark wasp

Vault maps used:
D:1:      ncdulo_watergridlock, serial_bayou, serial_bayou_pond_e,
          serial_bayou_shore_b, serial_bayou_pond_b, serial_bayou_shore_a,
          minmay_stone_trees_large, minmay_pentomino_o4
D:2:      johnstein_pakellas_shop, uniq_iyjb, uniq_jessica, uniq_sigmund
D:4:      nicolae_overflow_hidden_temple, first_bread, evilmike_ruin_ashenzari
D:5:      minitemple, uniq_crazy_yiuf_cottage
D:7:      grunt_livestock, kennysheep_generic_room_6
D:8:      serial_park_tiny_pond, basic_loot_grate_trap, uniq_pikel
D:10:     kennysheep_decorative_pillar, minivault_7
D:11:     david_lair_shrubbed
D:12:     hiddenorc2_lemuel, serial_shops, nicolae_shop_stone
D:13:     david_vaults_4, enter_trove_1, nicolae_two_hexagons
D:14:     serial_shops, shop_fountains,
          nicolae_shop_temple_entry_statues_fountains, shop, nicolae_shop_trees,
          abandoned_shop, st_stairs_5, uniq_agnes
D:15:     gammafunk_enter_depths_forms, minmay_misc_feat_four_crosses,
          basic_altar, minmay_librarian
Temple:   pf_slimified_temple
Lair:1:   grunt_megastairs_5, infiniplex_staircase_pool
Lair:2:   spider_nest_entry_web_field
Lair:3:   portal_ice_cave_rime
Lair:4:   boulder_quad_collide, minmay_swamp_entry_swarm,
          nicolae_lair_grove_arrangements, lemuel_fruit_tree,
          lemuel_fruit_fields
Lair:5:   basic_altar, hangedman_lair_generics_rect, uniq_josephine
Lair:6:   minmay_lair_end_frog_pond, slime_altar_2
Swamp:1:  evilmike_swamp_ruin_house_4, swamp_pool4
Swamp:2:  evilmike_swamp_ruin_house_1
Swamp:3:  evilmike_swamp_ruin_rubble_1
Swamp:4:  grunt_swamp_rune_castle
Spider:1: uniq_asterion
Spider:4: guppyfry_spider_rune, uniq_arachne
Slime:4:  nicolae_slime_barrier
Orc:2:    pubby_orc_utopia
Elf:1:    minmay_elf_crystal_square, minmay_elf_sorcery, hangedman_elven_ridges,
          billiards_dpeg, uniq_aizul
Vaults:1: st_squares, vaults_room_boxed, hangedman_vaults_snaps,
          hangedman_vaults_stretched_pinwheel, grunt_vaults_swirl,
          ontoclasm_vaults_chip, vaults_dpeg_ring,
          nicolae_vaults_yaktaur_gun_rack, nicolae_vaults_alarming,
          serial_shops, shop
Vaults:2: v_pattern_3, nicolae_vaults_stairing_the_circle,
          ontoclasm_vaults_tryst, st_cross, nicolae_vaults_network_square,
          dpeg_vaults_monster_row, v_misc_11, grunt_vaults_focal, v_misc_2,
          vaults_dpeg_diagonal, serial_shops, shop
Vaults:3: v_misc_1, minmay_crypt_entry_necro_gods, nicolae_vaults_asterisk,
          v_alt_pattern_3, v_rooms_2, nicolae_vaults_network_quinsquares,
          nicolae_vaults_network_star, v_misc_10,
          ontoclasm_vaults_claustrophobia, st_lattice,
          nicolae_vaults_ring_of_whatevers, vaults_room_pools, serial_shops,
          nicolae_shop_window_shopping
Vaults:4: nicolae_vaults_what_the_h, nicolae_vaults_specimen_jars,
          ontoclasm_vaults_chip, ontoclasm_vaults_decontamination, v_misc_15,
          nicolae_vaults_shelves_hall, nicolae_vaults_diagonal_hallway_7,
          ontoclasm_vaults_spin, nicolae_vaults_border_crossing
Vaults:5: serial_shops
Depths:1: serial_sigils_hangedman_quiver, hell_entry, kennysheep_generic_room_9,
          serial_bayou_shore_b, serial_bayou_shore_b, uniq_sojobo
Depths:2: impenetrable_vault, minmay_misc_feat_encased, serial_shops, shop,
          hellmouth_1, argonaut_fire_from_heaven, infiniplex_staircase_pool_2,
          uniq_bai_suzhen
Depths:3: nicolae_legendary_halls, rand_demon_pan_entry_5,
          hangedman_coc_ice_floe, minmay_misc_feat_secret_circle, nicolae_wwwww,
          nicolae_blasting_shop
Trove:    trove_wands_scrolls
IceCv:    ice_cave_small_giant

Skill      XL: |  1  2  3  4  5  6  7  8  9 10 11 12 13 14 15 16 17 18 19 20 21 |
---------------+----------------------------------------------------------------+-----
Axes           | 3 4 5 6 7 8 9 12 13 16 17 18 19 21 23 24 | 24.3
Fighting       | 3 6 7 10 11 12 13 | 13.1
Armour         | 2 5 6 7 10 14 | 14.0
Dodging        | 5 6 10 13 14 16 | 16.1
Evocations     | 1 7 |  7.5
Stealth        | 3 |  3.5

Action                   |  1- 3 |  4- 6 |  7- 9 | 10-12 | 13-15 | 16-18 | 19-21 || total
-------------------------+-------+-------+-------+-------+-------+-------+-------++-------
Melee: Hand axe          |    46 |   138 |   367 |   327 |       |       |       ||   878
       Bite              |     4 |    14 |    72 |   174 |   158 |   197 |   252 ||   871
       War axe           |       |       |       |   573 |       |       |       ||   573
       Executioner's axe |       |       |       |    93 |  1065 |  1244 |  1360 ||  3762
       Battleaxe         |       |       |       |       |     7 |       |       ||     7
       Unarmed           |       |       |       |       |     1 |       |       ||     1
       Headbutt          |       |       |       |       |       |       |    96 ||    96
 Fire: Blowgun           |       |       |       |       |    12 |    10 |       ||    22
Throw: Throwing net      |       |       |       |       |       |       |     1 ||     1
Invok: Berserk           |     3 |     6 |     7 |    11 |    13 |     4 |     3 ||    47
       Trog's Hand       |       |     4 |     3 |    16 |    33 |    50 |    94 ||   200
       Brothers in Arms  |       |       |       |       |     7 |       |       ||     7
 Abil: End Transformatio |     1 |     5 |     6 |     3 |    14 |     3 |       ||    32
       Bat Form          |     1 |     5 |     6 |     3 |    14 |     3 |       ||    32
       Evoke Flight      |       |       |       |       |       |       |     1 ||     1
Evoke: Wand              |       |       |       |       |     8 |    30 |    31 ||    69
       Phial of floods   |       |       |       |       |       |       |     1 ||     1
  Use: Potion            |     4 |     8 |    12 |    31 |    49 |    38 |    72 ||   214
       Scroll            |       |       |     2 |     7 |    18 |    21 |    23 ||    71
 Stab: Distracted        |       |       |     1 |       |     2 |     2 |     3 ||     8
       Sleeping          |       |       |       |     4 |       |       |     2 ||     6
Armor: Animal skin       |    17 |     2 |       |       |       |       |       ||    19
       Scale mail        |       |    59 |    30 |       |       |       |       ||    89
       Ring mail         |       |       |    96 |   150 |   356 |   267 |   192 ||  1061
       Plate armour      |       |       |       |       |       |       |   162 ||   162
       Shadow dragon arm |       |       |       |       |       |       |     8 ||     8
Dodge: Dodged            |    50 |    93 |   263 |   790 |  2105 |  1409 |  1241 ||  5951
       Deflected         |       |       |       |    14 |    12 |    24 |    37 ||    87
